 Dungeon Crawl Stone Soup version 0.24-a0-246-gb963c9a (console) character file.

Game seed: 18158620890574148775

103 Utis the Caller (level 4, -2/27 HPs)
             Began as a Tengu Summoner on Apr 12, 2019.
             Slain by a gnoll
             ... wielding a +0 flail
              (9 damage)
             ... on level 2 of the Dungeon.
             The game lasted 00:05:56 (3830 turns).

Utis the Caller (Tengu Summoner)                    Turns: 3830, Time: 00:05:57

Health: -2/27      AC:  2    Str:  9    XL:     4   Next: 79%
Magic:  17/17      EV: 14    Int: 16    God:
Gold:   57         SH:  0    Dex: 14    Spells: 4/7 levels left

rFire    . . .     SeeInvis .   f - +0 mace
rCold    . . .     Gourm    .   (no shield)
rNeg     . . .     Faith    .   a - +0 robe
rPois    .         Spirit   .   (helmet restricted)
rElec    .         Reflect  .   (no cloak)
rCorr    .         Harm     .   (no gloves)
MR       .....                  (boots unavailable)
Stlth    ++........             (no amulet)
HPRegen  0.09/turn              W - ring of magical power
MPRegen  0.15/turn              (no ring)

@: no status effects
A: beak, talons 3
a: no special abilities


You were on level 2 of the Dungeon.
You were not hungry.

You visited 1 branch of the dungeon, and saw 4 of its levels.

You collected 57 gold pieces.

Inventory:

Hand Weapons
 b - a +0 club
 f - a +0 mace (weapon)
Missiles
 d - 81 stones (quivered)
 k - 27 arrows
Armour
 a - a +0 robe (worn)
Jewellery
 W - a ring of magical power (left hand)
Wands
 i - a wand of enslavement (5)
Scrolls
 g - a scroll of fear {unknown}
 h - a scroll of blinking {unknown}
Potions
 e - a potion of curing {unknown}
Comestibles
 c - 3 rations {@e1}
 j - 2 chunks of flesh


   Skills:
 + Level 2.7 Fighting
 + Level 4.0 Dodging
 - Level 2.0 Stealth
 - Level 2.0 Spellcasting
 - Level 5.0 Summonings


You had 4 spell levels left.
You knew the following spells:

 Your Spells              Type           Power        Failure   Level  Hunger
p - Call Imp              Summ           ###.....     4%          2    ###....
z - Summon Small Mammal   Summ           ###.         2%          1    #......

Your spell library contained the following spells:

 Spells                   Type           Power        Failure   Level  Hunger
 Call Canine Familiar     Summ           ###.....     8%          3    ###....
 Summon Guardian Golem    Hex/Summ       #.......     22%         3    ###....
 Summon Ice Beast         Ice/Summ       #.......     58%         4    #####..
 Summon Lightning Spire   Summ/Air       #.......     58%         4    #####..


Dungeon Overview and Level Annotations

Branches:
Dungeon (4/15)
 Temple: D:4-7

Altars:


Innate Abilities, Weirdness & Mutations

You have a beak for a mouth.
You have claws for feet.


Message History

The floor.
Unknown command.
The gnoll throws a stone.
The stone hits you but does no damage.
You see here a stone.
The gnoll throws a stone.
The stone misses you.
The gnoll throws a stone.
The stone closely misses you.
The gnoll throws a stone.
The stone hits you!
The gnoll throws a stone.
The stone hits you but does no damage.
The gnoll throws a stone.
The stone misses you.
You see here a stone.
The gnoll throws a stone.
The stone hits you.
You see here a stone.
The gnoll hits you with a +0 flail!
* * * LOW HITPOINT WARNING * * *
You barely miss the gnoll. Your kick misses the gnoll.
The gnoll barely misses you.
You hit the gnoll.
The gnoll is moderately wounded.
The gnoll misses you. The gnoll hits you with a +0 flail!
You die...

░░░░░░░░░░░░ ░..<➘......░
░..........░ ░.➘........░
░░░░░░░░░░░░░ ░.➘........░
............░ ░.➘........░
.......g....░░░)Q.......[░
.............░░g....░░░░░░
...................░░░
..............÷......░░░░░
.............░.░░░........
.............░.░░.........
...............░░.........
.............░░░░.........
.......░░░░░÷.............


You could see a gnoll.

Vanquished Creatures
  A worker ant (D:4)
  4 adders
  2 oozes
  3 leopard geckos
  4 giant cockroaches
  3 goblins
  3 hobgoblins
  2 jackals (D:1)
  3 kobolds
  A quokka (D:2)
  3 bats
  2 frilled lizards
  3 rats
34 creatures vanquished.

Vanquished Creatures (collateral kills)
  3 jackals (D:1)
  A kobold (D:1)
4 creatures vanquished.

Grand Total: 38 creatures vanquished

Notes
Turn   | Place    | Note
-------+----------+-------------------------------------------
     0 | D:1      | Utis the Tengu Summoner began the quest for the Orb.
     0 | D:1      | Reached XP level 1. HP: 10/10 MP: 4/4
   443 | D:1      | Reached skill level 5 in Summonings
   443 | D:1      | Reached XP level 2. HP: 12/16 MP: 6/6
   447 | D:1      | Learned a level 2 spell: Call Imp
   849 | D:1      | Reached skill level 1 in Fighting
  2058 | D:2      | Reached XP level 3. HP: 14/20 MP: 7/7
  2160 | D:2      | You fall through a shaft for 2 floors!
  2665 | D:3      | Reached XP level 4. HP: 20/26 MP: 8/8
  3830 | D:2      | Slain by a gnoll

Levels and vault maps discovered:
D:1:      sevenhm_arrival_forest_fort_small_5, layout_rooms
D:2:      layout_rooms, first_ration
D:3:      layout_basic
D:4:      layout_loops_ring, kennysheep_generic_room_14, uniq_sigmund

Skill      XL: |  1  2  3  4 |
---------------+-------------+-----
Summonings     | 5 |  5.0
Fighting       | 1 2 |  2.7
Dodging        | 3 4 |  4.0
Stealth        | |  2.0
Spellcasting   | |  2.0

Action                   |  1- 3 |  4- 6 || total
-------------------------+-------+-------++-------
Melee: Club              |    52 |       ||    52
       Kick              |    23 |     6 ||    29
       Unarmed           |     2 |       ||     2
       Mace              |    39 |    34 ||    73
       Peck              |     6 |     4 ||    10
Throw: Stone             |    26 |    18 ||    44
 Cast: Summon Small Mamm |     5 |       ||     5
       Call Imp          |    15 |     1 ||    16
 Stab: Sleeping          |     1 |       ||     1
  Eat: Chunk             |     5 |     2 ||     7
       Ration            |     1 |       ||     1
Armor: Robe              |    34 |     2 ||    36
Dodge: Dodged            |    99 |    49 ||   148

Table legend:
 A = Non-vault XP
 B = Vault XP
 C = Vault XP percentage of total XP
 D = Non-vault monster count
 E = Vault monster count
 F = Vault count percentage of total count
                 A         B        C        D         E       F
            +---------+---------+-------+---------+---------+-------
      Total |     148 |       0 |   0.0 |      38 |       0 |   0.0
            +---------+---------+-------+---------+---------+-------
        D:1 |      41 |       0 |   0.0 |      18 |       0 |   0.0
        D:2 |      56 |       0 |   0.0 |      15 |       0 |   0.0
        D:3 |      10 |       0 |   0.0 |       3 |       0 |   0.0
        D:4 |      41 |       0 |   0.0 |       2 |       0 |   0.0
            +---------+---------+-------+---------+---------+-------
